 Dungeon Crawl Stone Soup version 0.24-a0-274-gb3763e6 (webtiles) character file.

Game seed: 17534977115849784645

188 MatthieuS the Poker (level 5, -4/41 HPs)
             Began as a Merfolk Skald on Apr 26, 2019.
             Was an Initiate of the Shining One.
             Slain by an orc
             ... wielding a +0 flail
              (9 damage)
             ... on level 3 of the Dungeon.
             The game lasted 00:06:08 (2848 turns).

MatthieuS the Poker (Merfolk Skald)                 Turns: 2848, Time: 00:06:09

Health: -4/41      AC:  4    Str: 15    XL:     5   Next: 67%
Magic:  7/9        EV: 12    Int: 13    God:    the Shining One [......]
Gold:   77         SH:  0    Dex: 14    Spells: 2/10 levels left

rFire    . . .     SeeInvis .   a - +0 spear
rCold    . . .     Gourm    .   (no shield)
rNeg     . . .     Faith    .   b - +0 leather armour
rPois    .         Spirit   .   v - +0 helmet
rElec    .         Reflect  .   (no cloak)
rCorr    .         Harm     .   (no gloves)
MR       .....                  (no boots)
Stlth    +.........             (no amulet)
HPRegen  0.13/turn              h - +2 ring of slaying
MPRegen  0.11/turn              k - +4 ring of strength

@: glowing
A: change form in water, swift swim, stealthy swim
a: Renounce Religion


You were on level 3 of the Dungeon.
You worshipped the Shining One.
The Shining One was noncommittal.
You were hungry.

You visited 1 branch of the dungeon, and saw 3 of its levels.

You collected 77 gold pieces.

Inventory:

Hand Weapons
 a - a +0 spear (weapon)
 t - a +1 dagger of venom
   (You took it off a goblin on level 2 of the Dungeon)
Missiles
 x - a throwing net (quivered) {!f}
Armour
 b - a +0 leather armour (worn)
 r - a +0 ring mail
   (You found it on level 1 of the Dungeon)
 v - a +0 helmet (worn)
   (You took it off Robin on level 2 of the Dungeon)
Jewellery
 h - a +2 ring of slaying (left hand)
   (You found it on level 1 of the Dungeon)
 k - a +4 ring of strength (right hand)
   (You found it on level 1 of the Dungeon)
Scrolls
 c - a scroll of amnesia {unknown}
 d - a scroll of teleportation {unknown}
 g - 3 scrolls of identify {unknown}
 i - 2 scrolls of enchant weapon {unknown}
 j - 2 scrolls of fog {unknown}
 n - a scroll of remove curse {unknown}
 q - 2 scrolls of magic mapping {unknown}
 w - 2 scrolls of blinking {unknown}
Potions
 f - 2 potions of haste {unknown}
 l - a potion of flight {unknown}
 m - a potion of brilliance {unknown}
 o - 3 potions of curing {unknown}
 p - a potion of magic {unknown}
 s - a potion of degeneration {unknown}
Comestibles
 e - 2 rations


   Skills:
 + Level 3.4 Fighting
 + Level 4.8 Polearms
 - Level 0.6 Armour
 - Level 2.6 Dodging
 + Level 3.0 Spellcasting
 + Level 1.2 Hexes
 + Level 4.2 Charms


You had 2 spell levels left.
You knew the following spells:

 Your Spells              Type           Power        Failure   Level  Hunger
a - Infusion              Chrm           ##..         4%          1    #......
b - Spectral Weapon       Hex/Chrm       #.......     26%         3    ###....
q - Song of Slaying       Chrm           ##......     8%          2    ###....
A - Shroud of Golubria    Chrm/Tloc      #.........   19%         2    ###....

Your spell library contained the following spells:

 Spells                   Type           Power        Failure   Level  Hunger
 Regeneration             Chrm/Necr      #.........   34%         3    ###....


Dungeon Overview and Level Annotations

Branches:
Dungeon (3/15)

Altars:
Yredelemnul
The Shining One


Message History

Aim: an orc, wielding a +0 club You reach to attack!
You puncture the orc!
You kill the orc!
Attack whom?
Aim: an orc wizard, wielding a +0 dagger and wearing a +0 robe You reach to attack!
You hit the orc wizard.
The orc wizard points at you and mumbles some strange words.
The magic dart hits you!
Attack whom?
Aim: an orc wizard, wielding a +0 dagger and wearing a +0 robe (lightly wounded)
You reach to attack!
You hit the orc wizard.
Attack whom?
Aim: an orc wizard, wielding a +0 dagger and wearing a +0 robe (heavily wounded)
You reach to attack!
You hit the orc wizard.
The orc wizard gestures at you while chanting.
The puff of flame misses you.
The puff of flame hits your spectral weapon.
Your spectral weapon resists.
Your spectral weapon shares its damage with you!
Attack whom?
Aim: an orc wizard, wielding a +0 dagger and wearing a +0 robe (heavily wounded)
You reach to attack!
You barely miss the orc wizard.
The orc priest invokes the aid of Beogh against you.
Beogh smites you!
* * * LOW HITPOINT WARNING * * *
You barely miss the orc wizard.
Your spectral weapon hits the orc wizard from afar.
The orc wizard barely misses you.
You miss the orc wizard.
Your spectral weapon hits the orc wizard from afar!
You kill the orc wizard!
Your Hexes skill increases to level 1!
Attack whom?
Aim: an orc priest You hit the orc priest.
Your spectral weapon hits the orc priest from afar.
The orc priest calls down the wrath of Beogh upon you.
Beogh smites you!
* * * LOW HITPOINT WARNING * * *
You hit the orc priest.
Your spectral weapon barely misses the orc priest.
The orc priest hits you but does no damage.
You hit the orc priest.
You kill the orc priest!
The Shining One accepts your kill.
Your Spellcasting skill increases to level 3!
You hit the orc but do no damage.
Your spectral weapon hits the orc from afar.
The orc hits you with a +0 flail!
You die...

......# #.#.#
......# #.#.#
......# #.#.#
......# #.#.#
...... #.#.# #.#.#
#...# #..
##.#########.....
#.......(@o).#
#......#####.#
#.....##
###.....######
#............#
#............#
#..........).#
######............#
..................#


You could see an orc and a friendly spectral +0 spear.

Vanquished Creatures
  An orc priest (D:3)
  An orc wizard (D:3)
  Robin (D:2)
  3 gnolls (D:3)
  2 oozes (D:2)
  3 worms (D:2)
  2 dart slugs
  An orc (D:3)
  5 bats
  6 giant cockroaches
  16 goblins
  10 hobgoblins
  2 frilled lizards
  8 kobolds
  10 rats
71 creatures vanquished.

Notes
Turn   | Place    | Note
-------+----------+-------------------------------------------
     0 | D:1      | MatthieuS the Merfolk Skald began the quest for the Orb.
     0 | D:1      | Reached XP level 1. HP: 16/16 MP: 3/3
   169 | D:1      | Reached XP level 2. HP: 23/23 MP: 5/5
   277 | D:1      | Learned a level 2 spell: Song of Slaying
   280 | D:1      | Learned a level 2 spell: Shroud of Golubria
   662 | D:1      | Reached XP level 3. HP: 28/28 MP: 2/6
  1624 | D:2      | Reached XP level 4. HP: 31/34 MP: 1/7
  1868 | D:2      | Learned a level 3 spell: Spectral Weapon
  2090 | D:2      | Noticed Robin
  2101 | D:2      | Killed Robin
  2413 | D:3      | Reached XP level 5. HP: 15/41 MP: 3/9
  2796 | D:3      | Found a basalt altar of Yredelemnul.
  2801 | D:3      | Found a glowing golden altar of the Shining One.
  2803 | D:3      | Noticed an angel
  2808 | D:3      | Became a worshipper of the Shining One
  2844 | D:3      | Reached skill level 1 in Hexes
  2848 | D:3      | Slain by an orc

Levels and vault maps discovered:
D:1:      tarquinn_simple_flora_water_b, layout_loops_ring,
          minmay_misc_feat_hallway, minmay_domino_4
D:2:      layout_basic, uniq_robin
D:3:      layout_basic, grunt_temple_overflow_holy_war, first_ration,
          minivault_27

Skill      XL: |  1  2  3  4  5 |
---------------+----------------+-----
Polearms       | 4 |  4.8
Fighting       | 3 |  3.4
Charms         | 4 |  4.2
Hexes          | 1 |  1.2
Spellcasting   | 3 |  3.0
Armour         | |  0.6
Dodging        | |  2.6

Action                   |  1- 3 |  4- 6 || total
-------------------------+-------+-------++-------
Melee: Spear             |   112 |    59 ||   171
 Cast: Infusion          |    18 |     2 ||    20
       Shroud of Golubri |     3 |     1 ||     4
       Spectral Weapon   |       |     6 ||     6
  Eat: Chunk             |     3 |     4 ||     7
Armor: Leather armour    |    20 |     3 ||    23
Dodge: Dodged            |    48 |    21 ||    69

Table legend:
 A = Non-vault XP
 B = Vault XP
 C = Vault XP percentage of total XP
 D = Non-vault monster count
 E = Vault monster count
 F = Vault count percentage of total count
                 A         B        C        D         E       F
            +---------+---------+-------+---------+---------+-------
      Total |     228 |      41 |  15.2 |      56 |      15 |  21.1
            +---------+---------+-------+---------+---------+-------
        D:1 |      41 |       4 |   8.9 |      26 |       3 |  10.3
        D:2 |      51 |      37 |  42.0 |      19 |      12 |  38.7
        D:3 |     136 |       0 |   0.0 |      11 |       0 |   0.0
            +---------+---------+-------+---------+---------+-------
